 Dungeon Crawl Stone Soup version 0.30.1-3-gfc49f6343a (webtiles) character file.

Game seed: 17758801211825578441

1616 GeoRichter the Slicer (level 8, -6/37 (39) HPs)
             Began as a Spriggan Warper on Aug 8, 2023.
             Was an Initiate of Gozag.
             Mangled by a wight
             ... wielding a +3 halberd
              (10 damage)
             ... on level 6 of the Dungeon.
             The game lasted 00:13:04 (5825 turns).

GeoRichter the Slicer (Spriggan Warper)             Turns: 5825, Time: 00:13:04

HP:   -6/37 (39)    AC:  3    Str:  7    XL:     8   Next: 64%
MP:   13/13         EV: 18    Int: 14    God:    Gozag
Gold: 376           SH:  0    Dex: 17    Spells: 12/12 levels left

rFire   . . .        y - +1 whip (elec)
rCold   + . .        (no shield)
rNeg    . . .        b - +0 robe
rPois   .            (helmet restricted)
rElec   .            x - +0 cloak
rCorr   .            (gloves unavailable)
SInv    +            (boots unavailable)
Will    ++...        (no amulet)
Stlth   ++++         o - ring of protection from cold
HPRegen 0.26/turn    u - ring of willpower
MPRegen 0.13/turn

%: no passive effects
@: gold aura, drained, very quick
A: very small, no large weapons, unfitting armour, see invisible, speed 3
a: Renounce Religion, Potion Petition, Call Merchant, Bribe Branch


You were on level 6 of the Dungeon.
You worshipped Gozag.
Gozag was aware of your devotion.
You visited 2 branches of the dungeon, and saw 7 of its levels.

You collected 414 gold pieces.
You paid 38 gold pieces to Gozag.

Inventory:

Hand Weapons
 a - a +3 short sword
   (You took it off a wight on level 6 of the Dungeon)
 h - a +2 dagger
   (You took it off a wight on level 6 of the Dungeon)
 y - a +1 whip of electrocution (weapon)
   (You took it off Pikel on level 5 of the Dungeon)
Missiles
 d - 7 boomerangs of dispersal (quivered) {!f}
 i - 3 datura-tipped darts
 m - a curare-tipped dart {!f}
Armour
 b - a +0 robe (worn)
 x - a +0 cloak (worn)
   (You found it on level 5 of the Dungeon)
Jewellery
 o - a ring of protection from cold (left hand)
   (You found it on level 3 of the Dungeon)
 u - a ring of willpower (right hand)
   (You found it on level 4 of the Dungeon)
 C - a ring of positive energy
   (You found it on level 6 of the Dungeon)
Wands
 t - a wand of polymorph (12)
   (You found it on level 3 of the Dungeon)
 B - a wand of flame (4)
   (You found it on level 6 of the Dungeon)
 F - a wand of acid (8)
   (You found it on level 6 of the Dungeon)
Scrolls
 c - a scroll of blinking
 e - 2 scrolls of enchant armour
 j - 2 scrolls of teleportation {@r4}
 n - a scroll of fear {unknown}
 r - a scroll of fog {unknown}
 D - a scroll of identify {@r1}
 E - a scroll of torment {unknown}
Potions
 f - 2 potions of curing {@q1}
 g - a potion of resistance {unknown}
 k - 2 potions of mutation {!q}
 l - a potion of might {unknown}
 p - a potion of berserk rage
 q - 2 potions of heal wounds {unknown}
 s - a potion of magic {unknown}
 v - a potion of degeneration {unknown}
 w - 2 potions of cancellation {unknown}
 z - a potion of invisibility {unknown}
 A - a potion of haste {unknown}


   Skills:
 * Level 2.1 Fighting
 - Level 10.0 Short Blades
 - Level 1.0 Throwing
 - Level 3.2 Dodging
 + Level 9.5 Stealth
 - Level 2.7 Spellcasting
 - Level 4.4 Translocations


You had 12 spell levels left.
You didn't know any spells.
Your spell library contained the following spells:

 Spells                   Type           Power      Damage    Failure   Level
 Blink                    Tloc           28%        N/A       5%          2
 Lesser Beckoning         Tloc           28%        N/A       5%          2
 Teleport Other           Tloc           14%        N/A       11%         3
 Magic Dart               Conj           4%         1d3       22%         1
 Vhi's Electric Charge    Tloc/Air       16%        N/A       26%         3
 Call Imp                 Summ           2%         N/A       32%         2
 Manifold Assault         Tloc           14%        N/A       34%         4
 Mephitic Cloud           Conj/Pois/Air  1%         N/A       54%         3
 Ozocubu's Armour         Ice            1%         N/A       54%         3
 Ozocubu's Refrigeration  Ice            0%         4d7       100%        7


Dungeon Overview and Level Annotations

Branches:
Dungeon (6/15) Zot: 25905  Temple (1/1) D:4 Zot: 5970

Altars:
Ashenzari
Dithmenos
Elyvilon
Gozag
Hepliaklqana
Makhleb
Nemelex Xobeh
Okawaru
Ru
Sif Muna
Trog
Uskayaw
Vehumet
Wu Jian
Xom
Yredelemnul
The Shining One

Annotations:
D:4 3 runed translucent doors, Draugr's ghost, novice DEEE


Innate Abilities, Weirdness & Mutations

You are very small and have problems with some larger weapons.
You are too small for most types of armour.
You have supernaturally acute eyesight. (SInv)
You cover ground extremely quickly. (Speed+++)


Message History

You now have 376 gold pieces (gained 9).
Found a scroll labelled QAFRERH RYIGA.
Found 5 large rocks.
E - a scroll labelled QAFRERH RYIGA You see here 5 large rocks.
Found a dagger.
F - a wand of acid (9)
You see here a +0 scale mail.
Aiming: Corrosive Bolt
Press: ? - help, Shift-Dir - straight line, f - wight
Aim: a wight, wielding a +3 halberd and wearing a +0 robe (dormant, 100% to hit)
Out of range.
Okay, then.
Okay, then.
Aiming: Corrosive Bolt
Press: ? - help, Shift-Dir - straight line, f - wight
Aim: a wight, wielding a +3 halberd and wearing a +0 robe (dormant, 100% to hit)
The bolt of acid hits the wight!
The acid corrodes the wight!
The wight is severely damaged.
The bolt of acid hits the wight!
The acid corrodes the wight!
The wight is heavily damaged.
The bolt of acid hits the wight!
The acid corrodes the wight!
The wight is heavily damaged.
You barely miss the wight.
The wight is severely damaged.
The wight completely misses you.
You hit the wight but do no damage.
The wight is severely damaged.
The wight completely misses you. The wight barely misses you.
You hit the wight.
The wight is severely damaged.
The wight closely misses you. The wight completely misses you.
You hit the wight. Lightning courses through the wight!
You destroy the wight!
The wight barely misses you.
Your Fighting skill increases to level 2!
Things that are here:
6 gold pieces; a +3 long sword; a +0 robe You closely miss the wight.
The wight is heavily damaged.
The wight hits you from afar with a +2 halberd.
The wight hits you with a +3 halberd!
You hit the wight.
The wight is heavily damaged.
The wight closely misses you. The wight hits you with a +3 halberd!!
Ouch! That really hurt!
* * * LOW HITPOINT WARNING * * *
You feel drained.
You die...
Your body crumbles into a pile of gold.

#..# #..# ## #### ).###.+ ...
#.##..# #.##.##.#################
###.............[.).......#
.................########.#######
####.##.########.# #.......#
#.##.# #@# #######.# #(##.# #z#
#.# #.##.# #z# #.# #.##.# ..# #..
#.##.# ### ### #..#.# # #..#.# #
#..#.# # #..#.# #


You could see 2 wights.

Vanquished Creatures
  Pikel (D:5)
  Grinder (D:6)
  Sigmund (D:2)
  A water moccasin (D:5)
  A black bear (D:5)
  A tengu (D:5)
  4 wights (D:6)
  A howler monkey (D:5)
  2 hounds
  A sleepcap (D:4)
  Ijyb (D:3)
  2 iguanas
  2 orc wizards (D:5)
  A howler monkey zombie (D:4)
  6 adders
  A shadow imp (D:5)
  An adder zombie (D:4)
  4 worms
  4 dart slugs
  7 orcs
  3 endoplasms
  5 giant cockroaches
  4 goblins
  3 hobgoblins
  5 jackals (D:4)
  A quokka (D:5)
  4 ball pythons
  10 bats
  4 frilled lizards
  8 kobolds
  5 rats
95 creatures vanquished.

Vanquished Creatures (collateral kills)
  4 lemures (D:5)
  A wight (D:6)
  An adder (D:5)
  An orc (D:3)
7 creatures vanquished.

Vanquished Creatures (others)
  Dowan (D:5)
  An orc (D:3)
2 creatures vanquished.

Grand Total: 104 creatures vanquished

Notes
Turn   | Place    | Note
-------+----------+-------------------------------------------
     0 | D:1      | GeoRichter the Spriggan Warper began the quest for the Orb.
     0 | D:1      | Reached XP level 1. HP: 10/10 MP: 5/5
   167 | D:1      | Found a faded altar of an unknown god.
   198 | D:1      | Reached XP level 2. HP: 14/14 MP: 6/6
   335 | D:1      | Reached skill level 3 in Short Blades
  1055 | D:2      | Reached skill level 1 in Stealth
  1123 | D:2      | Noticed Sigmund
  1149 | D:2      | Killed Sigmund
  1150 | D:2      | Reached skill level 5 in Short Blades
  1150 | D:2      | Reached XP level 3. HP: 18/18 MP: 8/8
  1150 | D:2      | Reached XP level 4. HP: 22/22 MP: 9/9
  1150 | D:2      | Reached XP level 5. HP: 25/25 MP: 10/10
  2253 | D:3      | Reached XP level 6. HP: 30/30 MP: 11/11
  2419 | D:3      | Noticed Ijyb
  2430 | D:3      | Killed Ijyb
  2431 | D:3      | Reached skill level 6 in Short Blades
  2502 | D:4      | Reached skill level 5 in Stealth
  2756 | D:4      | Found a runed translucent gate.
  2756 | D:4      | Found a runed translucent gate.
  2756 | D:4      | Found a runed translucent gate.
  2756 | D:4      | Noticed Draugr's ghost (novice DEEE)
  2758 | D:4      | Found a basalt altar of Yredelemnul.
  3027 | D:4      | Found a staircase to the Ecumenical Temple.
  3044 | Temple   | Entered the Ecumenical Temple
  3044 | Temple   | Found a transporter.
  3044 | Temple   | Found a transporter.
  3046 | Temple   | Found a transporter.
  3046 | Temple   | Found a transporter.
  3076 | Temple   | Became a worshipper of Gozag Ym Sagoz the Greedy
  3290 | D:5      | Entered Level 5 of the Dungeon
  3318 | D:5      | Reached skill level 7 in Short Blades
  3587 | D:5      | Noticed a water moccasin
  3682 | D:5      | Found a sparkling altar of Nemelex Xobeh.
  3759 | D:5      | Reached XP level 7. HP: 31/33 MP: 12/12
  4045 | D:5      | Noticed Duvessa
  4051 | D:5      | Noticed Dowan
  4085 | D:5      | Killed Dowan
  4127 | D:5      | Duvessa changed into Duvessa the howler monkey
  4127 | D:5      | Noticed Duvessa
  4138 | D:5      | Killed Duvessa the howler monkey
  4644 | D:5      | Noticed Pikel
  4888 | D:5      | Killed Pikel
  4889 | D:5      | Reached skill level 8 in Short Blades
  4889 | D:5      | Reached XP level 8. HP: 37/37 MP: 13/13
  4946 | D:5      | Reached skill level 9 in Short Blades
  5292 | D:6      | Noticed Grinder
  5571 | D:6      | Killed Grinder
  5572 | D:6      | Reached skill level 10 in Short Blades
  5825 | D:6      | Mangled by a wight

Illustrated notes

Levels and vault maps discovered:
D:1:      sevenhm_arrival_forest_fort_large_4, layout_basic,
          chequers_ecumenical_altar_lobes
D:2:      layout_loops_ring, serial_bayou, serial_bayou_crossing,
          serial_bayou_lagoon_a, serial_bayou_pond_d, serial_bayou_ford_a,
          nicolae_wormholes, uniq_sigmund
D:3:      layout_rooms, uniq_ijyb
D:4:      layout_cave_pools, nicolae_yredelemnul_ghost_church,
          minmay_temple_entry_tees
D:5:      layout_loops_ring, nemelex_diamond_rough_becter, nrook_pool_corridor,
          uniq_duvessa, uniq_pikel
D:6:      layout_loops_ring, minivault_4, nrook_uturn, uniq_grinder
Temple:   hellmonk_temple_divided_pantheon

Skill      XL: |  1  2  3  4  5  6  7  8 |
---------------+-------------------------+-----
Short Blades   | 5 7 8 10 | 10.0
Stealth        | 3 4 6 8 9 |  9.5
Fighting       | 2 |  2.1
Throwing       | |  1.0
Dodging        | |  3.2
Spellcasting   | |  2.7
Translocations | |  4.4

Action                     |  1- 3 |  4- 6 |  7- 9 || total
---------------------------+-------+-------+-------++-------
  Melee: Short sword       |    24 |       |       ||    24
         Whip              |    54 |   218 |   139 ||   411
         Punch             |     2 |     2 |     1 ||     5
  Throw: Dart              |       |     6 |    12 ||    18
  Evoke: Wand              |       |       |     7 ||     7
    Use: Scroll            |     2 |     1 |     1 ||     4
         Potion            |     1 |       |       ||     1
   Stab: Sleeping          |     3 |    14 |     2 ||    19
 Armour: Robe              |     7 |    18 |    14 ||    39
  Dodge: Dodged            |    69 |   207 |    97 ||   373
